 Dungeon Crawl Stone Soup version 0.31-a0-691-g409c26aa35 (webtiles) character file.

Game seed: 18442119953101840935

42 qw the Shooter (level 3, -3/22 HPs)
             Began as a Gargoyle Hunter on Sept 6, 2023.
             Slain by Robin
             ... wielding a +0 short sword
              (4 damage)
             ... on level 2 of the Dungeon.
             The game lasted 00:00:21 (486 turns).

qw the Shooter (Gargoyle Hunter)                     Turns: 486, Time: 00:00:21

Health: -3/22      AC:  8    Str: 14    XL:     3   Next: 56%
Magic:  3/3        EV: 10    Int:  9    God:
Gold:   45         SH:  0    Dex: 15    Spells: 2/2 levels left

rFire   . . .        Y - +0 shortbow
rCold   . . .        (shield currently unavailable)
rNeg    + . .        f - +0 ring mail
rPois   inf          (no helmet)
rElec   +            (no cloak)
rCorr   .            (no gloves)
SInv    .            (no boots)
Will    .....        (no amulet)
Stlth   +            (no ring)
HPRegen 0.23/turn    (no ring)
MPRegen 0.08/turn

%: no passive effects
@: no status effects
A: sickness immunity, AC +3, negative energy resistance 1, electricity
resistance, torment resistance 1, petrification resistance
a: no special abilities


You were on level 2 of the Dungeon.
You visited 1 branch of the dungeon, and saw 2 of its levels.

You collected 45 gold pieces.


Innate Abilities, Weirdness & Mutations

You are immune to sickness and miasma.
Your stone body is resilient. (AC +3)
You are immune to poison.
You resist negative energy. (rN+)
You are resistant to electric shocks. (rElec)
You are resistant to unholy torment.
You are immune to petrification.


   Skills:
 + Level 2.4 Fighting
 - Level 5.0 Ranged Weapons
 - Level 1.0 Armour
 - Level 1.5 Dodging
 - Level 1.1 Stealth


You had 2 spell levels left.
You didn't know any spells.
Your spell library was empty.

Inventory:

Hand Weapons
 Y - a +0 shortbow (weapon)
Armour
 f - a +0 ring mail (worn)
Potions
 g - a potion of magic {unknown}

Dungeon Overview and Level Annotations

Branches:
Dungeon (2/15)

Altars:

Annotations:
D:2 Robin


Message History

You shoot an arrow. The arrow hits the goblin.
You kill the goblin!
A hobgoblin comes into view.
The goblin hits you but does no damage.
Your Armour skill increases to level 1!
You shoot an arrow. The arrow barely misses the goblin.
The arrow hits Robin.
Robin is lightly wounded.
You shoot an arrow. The arrow hits the rat!
You kill the rat!
The goblin hits you with a +0 dagger.
You shoot an arrow.
The arrow hits the goblin but does no damage.
The goblin hits you but does no damage.
You shoot an arrow. The arrow hits Robin!
Robin is severely wounded.
The goblin hits you with a +0 dagger. Robin throws the goblin at you!
Robin barely misses you. The goblin hits you but does no damage.
You shoot an arrow.
The arrow hits Robin but does no damage.
Robin is severely wounded.
The goblin hits you but does no damage.
An endoplasm comes into view.
Robin hits you but does no damage.
The hobgoblin hits you but does no damage.
You shoot an arrow. The endoplasm quivers.
The arrow hits Robin.
Robin is almost dead.
The goblin barely misses you.
Robin says, "Duck!"
Robin hits you with a +0 short sword. The hobgoblin hits you.
You shoot an arrow. The arrow closely misses Robin.
The arrow completely misses the endoplasm.
The goblin hits you with a +0 dagger. Robin hits you but does no damage.
The hobgoblin misses you.
You shoot an arrow. The arrow barely misses Robin.
The arrow hits the endoplasm!
You kill the endoplasm!
The goblin hits you with a +0 dagger. Robin hits you with a +0 short sword.
You die...
Robin calls out, "Let's celebrate!
Time for a feast!"

.##.......!....
...............
....$.........
...........
#........ +
+......####. ..
#.....#..)..
...#+####....))).
.......g@g......)
........)g......#
##....<........#
................#
................#
...##.###+##....#
.. #+ ....# .
....# ##


You could see Robin, a hobgoblin (strong) and a goblin (strong).

Vanquished Creatures
  A gnoll (D:1)
  4 endoplasms
  2 giant cockroaches (D:1)
  13 goblins
  A hobgoblin (D:1)
  A quokka (D:1)
  3 bats (D:1)
  6 rats
31 creatures vanquished.

Notes
Turn   | Place    | Note
-------+----------+-------------------------------------------
     0 | D:1      | qw the Gargoyle Hunter began the quest for the Orb.
     0 | D:1      | Reached XP level 1. HP: 12/12 MP: 1/1
     0 | D:1      | 0 ||| qw: Version: 0.3-a-76-g4403597
     0 | D:1      | 0 ||| qw: Game counter: 212
     0 | D:1      | 0 ||| qw: Melee chars always use a shield: true
     0 | D:1      | 0 ||| qw: God list: Okawaru
     0 | D:1      | 0 ||| qw: Allow faded altars: false
     0 | D:1      | 0 ||| qw: Do Orc after clearing Dungeon:15 true
     0 | D:1      | 0 ||| qw: Do second Lair branch before Depths: true
     0 | D:1      | 0 ||| qw: Lair rune preference: random
     0 | D:1      | 0 ||| qw: Goals: Normal
     0 | D:1      | 0 ||| PLANNING D:1-11
   101 | D:1      | Found a faded altar of an unknown god.
   118 | D:1      | Reached XP level 2. HP: 17/17 MP: 2/2
   192 | D:1      | Reached XP level 3. HP: 21/21 MP: 3/3
   229 | D:1      | Reached skill level 5 in Ranged Weapons
   427 | D:1      | 427 ||| UPGRADING to +0 ring mail.
   437 | D:1      | 437 ||| DROPPING +0 leather armour.
   438 | D:1      | 438 ||| READING scroll labelled EXTEUG OGOIPH.
   439 | D:1      | 439 ||| READING scroll labelled JAATAFY TEMORAWK.
   440 | D:1      | 440 ||| READING scroll labelled XUGOMN XYGRAUPT.
   441 | D:1      | 441 ||| READING scroll labelled CEASSY VUEDWA.
   442 | D:1      | 442 ||| DROPPING scroll of butterflies.
   470 | D:2      | Noticed Robin
   471 | D:2      | 471 ||| Stepping ~*~*~tactically~*~*~ (outnumbered).
   479 | D:2      | Reached skill level 1 in Armour
   484 | D:2      | HP: 5/22 [hobgoblin[Robin] (1)]
   486 | D:2      | HP: 1/22 [goblin/+0 dagger[Robin] (3)]
   486 | D:2      | Slain by Robin

Levels and vault maps discovered:
D:1:      minmay_arrival_arboretum_small, layout_basic,
          hellmonk_ecumenical_altar_defaced_shrine
D:2:      layout_basic, basic_altar, kennysheep_nondescript,
          minmay_misc_feat_square, minmay_misc_feat_tiny, uniq_robin,
          uniq_terence

Skill      XL: |  1  2  3 |
---------------+----------+-----
Ranged Weapons | 5 |  5.0
Armour         | 1 |  1.0
Fighting       | |  2.4
Dodging        | |  1.5
Stealth        | |  1.1

Action                     || total
---------------------------++-------
   Fire: Shortbow          ||    90
    Use: Scroll            ||     4
 Armour: Leather armour    ||     7
         Ring mail         ||    23
  Dodge: Dodged            ||    13

Table legend:
 A = Non-vault XP
 B = Vault XP
 C = Vault XP percentage of total XP
 D = Non-vault monster count
 E = Vault monster count
 F = Vault count percentage of total count
                 A         B        C        D         E       F
            +---------+---------+-------+---------+---------+-------
      Total |      46 |      17 |  27.0 |      21 |      10 |  32.3
            +---------+---------+-------+---------+---------+-------
        D:1 |      43 |       4 |   8.5 |      19 |       3 |  13.6
        D:2 |       3 |      13 |  81.2 |       2 |       7 |  77.8
            +---------+---------+-------+---------+---------+-------
